 Dungeon Crawl Stone Soup version 0.17.0-18-gaab0e96 (console) character file.

18 gw the Ducker (level 2, -1/15 HPs)
             Began as a Spriggan Gladiator on Nov 11, 2015.
             Slain by a worm (7 damage)
             ... on level 2 of the Dungeon.
             The game lasted 00:02:27 (1279 turns).

gw the Ducker (Spriggan Gladiator)                  Turns: 1279, Time: 00:02:27

Health: -1/15      AC:  2    Str: 11    XL:     2   Next: 51%
Magic:  0/3        EV: 20    Int:  9    God:
Gold:   55         SH:  0    Dex: 16    Spells: 0 memorised, 1 level left

rFire  . . .     SeeInvis +     b - +0 hunting sling (curse)
rCold  . . .     Clarity  .     g - +0 robe
rNeg   . . .     SustAt   .     (shield restricted)
rPois  .         Gourm    .     c - +0 hat
rElec  .         Spirit   +     (no cloak)
rCorr  .         Warding  .     (gloves unavailable)
rMut   .         Stasis   .     (boots unavailable)
MR     .....                    h - amulet of guardian spirit
Stlth  +.........               (no ring)
                                (no ring)

@: very quick, not resistant to hostile enchantments, very unstealthy
A: unfitting armour, see invisible, herbivore 3, speed 3, slow metabolism 2
a: no special abilities


You were on level 2 of the Dungeon.
You were not hungry.

You visited 1 branch of the dungeon, and saw 2 of its levels.

You collected 55 gold pieces.

Inventory:

Hand Weapons
 a - a +0 rapier
 b - a cursed +0 hunting sling (weapon)
Missiles
 d - 3 throwing nets
Armour
 c - a +0 hat (worn)
 g - a +0 robe (worn)
Jewellery
 h - an amulet of guardian spirit (around neck)
Comestibles
 e - a bread ration


   Skills:
 + Level 1.7 Fighting
 * Level 3.8 Short Blades
 + Level 1.0(1.9) Slings
 - Level 2.0(2.1) Throwing
 + Level 4.7 Dodging


You had one spell level left.
You didn't know any spells.

Dungeon Overview and Level Annotations

Branches:
Dungeon (2/15)

Altars:
Elyvilon


Innate Abilities, Weirdness & Mutations

You are tiny and cannot use many weapons and most armour.
You have supernaturally acute eyesight.
You are a herbivore.
You cover ground extremely quickly.
You need consume almost no food.


Message History

MOVING TO (-2,-3) Unknown command.
Unknown command.
Unknown command.
MOVING TO (-1,-2) Unknown command.
Unknown command.
Unknown command.
MOVING TO (-1,-1) Unknown command.
Unknown command.
Unknown command.
MOVING TO (5,7)
The worm misses you.
Unknown command.
Unknown command.
Unknown command.
MOVING TO (4,6)
The worm bites you!
You die...

#####(......#
#.......#
#..<....#
##.......#
#........#
#........#
#........#
##.w.....#
##iw.....#
#......###
#......#
#......#
#......#
#......#
#......#
########


You could see 2 worms.

Table legend:
 A = Turns spent in this place as a percentage of turns spent in the entire game.
 B = Non-inter-level travel turns spent in this place as a percentage of non-inter-level travel turns spent in the entire game.
 C = Inter-level travel turns spent in this place as a percentage of turns spent in this place.
 D = Turns resting spent in this place as a percentage of non-inter-level travel turns spent in this place.
 E = Turns spent auto-exploring this place as a percentage of non-inter-level travel turns spent in this place.
 F = Non-inter-level travel turns spent in this place divided by the number of levels of this place that you've seen.
                   A       B       C       D       E      F
               +-------+-------+-------+-------+-------+----------------------
         Total | 100.0 | 100.0 |   0.1 |   0.8 |   0.9 | 1608.5
       Dungeon | 100.0 | 100.0 |   0.1 |   0.8 |   0.9 | 1608.5
               +-------+-------+-------+-------+-------+----------------------

Table legend:
 A = Kills in this place as a percentage of kills in entire the game.
 B = Kills by you in this place as a percentage of kills by you in the entire game.
 C = Kills by friends in this place as a percentage of kills by friends in the entire game.
 D = Other kills in this place as a percentage of other kills in the entire game.
 E = Experience gained in this place as a percentage of experience gained in the entire game.
 F = Experience gained in this place divided by the number of levels of this place that you have seen.
                   A       B       C       D       E      F
               +-------+-------+-------+-------+-------+----------------------
         Total | 100.0 | 100.0 |  -nan |  -nan | 100.0 |  13.5
       Dungeon | 100.0 | 100.0 |  -nan |  -nan | 100.0 |  13.5
               +-------+-------+-------+-------+-------+----------------------

Vanquished Creatures
  3 bats (D:1)
  A giant cockroach (D:1)
  A hobgoblin (D:1)
  A quokka (D:1)
  A giant newt (D:2)
  4 goblins (D:1)
  4 kobolds (D:1)
  3 rats (D:1)
18 creatures vanquished.

Vanquished Creatures (others)
  A quokka (D:2)
1 creature vanquished.

Grand Total: 19 creatures vanquished

Notes
Turn   | Place    | Note
--------------------------------------------------------------
     0 | D:1      | gw the Spriggan Gladiator began the quest for the Orb.
     0 | D:1      | Reached XP level 1. HP: 10/10 MP: 2/2
   398 | D:1      | Reached XP level 2. HP: 14/14 MP: 3/3
   901 | D:1      | Reached skill level 1 in Slings
  1036 | D:2      | Found a white marble altar of Elyvilon.
  1279 | D:2      | Slain by a worm

Action                   || total
-------------------------++-------
Melee: Rapier            ||     9
 Fire: Hunting sling     ||    94
Throw: Stone             ||     5

Vault maps used:
D:1:      dpeg_arrival_tiny_a
D:2:      elyvilon_altar_4, lemuel_zombie_altar_yredelemnul
